 Dungeon Crawl Stone Soup version 0.22.0-75-g3901e79 (webtiles) character file.

37 raph the Cudgeler (level 3, -5/23 HPs)
             Began as a Gargoyle Fighter on Sept 14, 2018.
             Engulfed by a cloud of flame (10 damage)
             ... on level 2 of the Dungeon.
             The game lasted 00:02:32 (1085 turns).

raph the Cudgeler (Gargoyle Fighter)                Turns: 1085, Time: 00:02:33

Health: -5/23      AC: 10    Str: 19    XL:     3   Next: 41%
Magic:  3/3        EV:  7    Int:  8    God:
Gold:   69         SH:  9    Dex: 10    Spells: 2/2 levels left

rFire    . . .     SeeInvis .   a - +0 flail
rCold    . . .     Gourm    .   c - +0 shield
rNeg     + . .     Faith    .   b - +0 scale mail
rPois    ∞         Spirit   .   (no helmet)
rElec    +         Reflect  .   (no cloak)
rCorr    .         Harm     .   (no gloves)
MR       .....                  (no boots)
Stlth    ..........             (no amulet)
HPRegen  0.07/turn              (no ring)
MPRegen  0.08/turn              (no ring)

@: no status effects
A: negative energy resistance 1, electricity resistance, unbreathing,
petrification resistance, rot immunity, AC +3
a: no special abilities


You were on level 2 of the Dungeon.
You were not hungry.

You visited 1 branch of the dungeon, and saw 2 of its levels.

You collected 69 gold pieces.

Inventory:

Hand Weapons
 a - a +0 flail (weapon)
Missiles
 m - 5 tomahawks (quivered)
Armour
 b - a +0 scale mail (worn)
 c - a +0 shield (worn)
Scrolls
 e - 5 scrolls of identify {unknown}
 g - a scroll of remove curse {unknown}
 h - 2 scrolls of teleportation {unknown}
 j - 2 scrolls of enchant weapon {unknown}
 k - 2 scrolls of magic mapping {unknown}
 l - a scroll of blinking {unknown}
 q - 2 scrolls of fear {unknown}
 s - a scroll of fog {unknown}
Potions
 d - 2 potions of might
 i - 2 potions of brilliance {unknown}
 n - a potion of berserk rage {unknown}
 o - a potion of magic {unknown}
 r - a potion of flight {unknown}
Comestibles
 f - 3 rations
 p - a chunk of flesh


   Skills:
 - Level 3.2 Fighting
 * Level 3.7 Maces & Flails
 - Level 3.2 Armour
 - Level 3.2 Shields


You had 2 spell levels left.
You didn't know any spells.
Your spell library was empty.

Dungeon Overview and Level Annotations

Branches:
Dungeon (2/15)

Altars:
Elyvilon
Nemelex Xobeh
Vehumet


Innate Abilities, Weirdness & Mutations

You are resistant to torment.
Your stone body is resilient. (AC +3)
You are immune to poison.
You resist negative energy. (rN+)
You are resistant to electric shocks. (rElec)
You can survive without breathing.
You are immune to petrification.
You are immune to rotting.


Message History

q - 2 scrolls labeled WENTEUCREI (gained 1)
Found a stone staircase leading down.
There is a stone staircase leading down here.
Eating one of 2 chunks of flesh.
You eat one of the 2 chunks of flesh.
This raw flesh tastes terrible.
You now have 59 gold pieces (gained 2).
Found a radiant altar of Vehumet.
No target in view!
You now have 69 gold pieces (gained 10).
Really walk into a travel-excluded area?
Really walk into a travel-excluded area?
Really walk into a travel-excluded area?
You are engulfed in blazing flames.
Ouch! That really hurt!
* * * LOW HITPOINT WARNING * * *
You see here a scroll labeled WER UHOAVEESAEDEI.
Unknown command.
s - a scroll labeled WER UHOAVEESAEDEI You are engulfed in blazing flames.
You die...

#.# #..####.....#.# #
####.###........#..#.##
#
#.....................#
#
#.##.###.####..###.#..#
# # #.#
#.####..###.#..# #.#
#.##...§.......# #.#
#.....§.....##.# #.#
####...§..### # #.#
#..§§@.# ## #. ##§....#
#######. ##.####
........ #. #######. .
#. ## #. #. #. #.


There were no monsters in sight!

Vanquished Creatures
  An adder (D:2)
  A worm (D:2)
  A leopard gecko (D:1)
  3 bats
  2 giant cockroaches (D:2)
  5 goblins
  3 hobgoblins (D:1)
  A ball python (D:1)
  A frilled lizard (D:1)
  4 kobolds (D:1)
  A rat (D:1)
23 creatures vanquished.

Vanquished Creatures (others)
  A kobold (D:2)
1 creature vanquished.

Grand Total: 24 creatures vanquished

Notes
Turn   | Place    | Note
-------+----------+-------------------------------------------
     0 | D:1      | raph the Gargoyle Fighter began the quest for the Orb.
     0 | D:1      | Reached XP level 1. HP: 14/14 MP: 1/1
    54 | D:1      | Reached XP level 2. HP: 16/19 MP: 2/2
   514 | D:1      | Found a sparkling altar of Nemelex Xobeh.
   792 | D:2      | Reached XP level 3. HP: 23/23 MP: 3/3
   814 | D:2      | Found a white marble altar of Elyvilon.
  1057 | D:2      | Found a radiant altar of Vehumet.
  1085 | D:2      | Engulfed by a cloud of flame

Skill      XL: |  1  2 |
---------------+-------+-----
Maces & Flails | 3 |  3.7
Fighting       | |  3.2
Armour         | |  3.2
Shields        | |  3.2

Action                   || total
-------------------------++-------
Melee: Flail             ||    81
  Eat: Chunk             ||     1
Armor: Scale mail        ||    48
Dodge: Dodged            ||    24
Block: Shield            ||    44
